cohdb
Replays
Latest Replays
All Replays
Popular Replays
Top Player Replays
Match Explorer
How It Works
Community
CoH3 Stats
Reddit
Sign in to upload your games and track your stats! →
Sign in with Steam
Match 47317800
Unlisted
Match 47317800
Overview
Messages
Build Orders
End
Construct Barracks
Selects Armored Battlegroup
Selects Veteran Crews
1⁄4-ton 4x4 Truck
Riflemen Squad
Riflemen Squad
Mechanized Support Center
Construct Motor Pool
M8 Greyhound Armored Car
Selects Fast Deploy
Selects M31 Recovery Vehicle
Designate Forward Repair Station
M8 Greyhound Armored Car
Riflemen Squad
Improvised Armor
Engineer Squad
M31 Recovery Vehicle
M3 75 mm Gun Motor Carriage
M1 Anti-tank Gun Team
Khayyam
Corpse
Hugh Mann
Malerenthius
larrylesaint
Projinx
0
0
Comments
sign in to comment!
No comments posted yet!